AoeStats
← Axolot

MegaRandom

506546531Analyzed
2v2 RM · 17d ago on Sep 14, 2026· 51m 18s· 4 players
Game mode
Random Map
Map size
Medium (4 player)
Population
200
Speed
Normal
Resources
Standard
Victory
Conquest
Starting age
Dark Age
Ending age
Imperial Age
RankedLock teamsTeams togetherTeam positionsShared explorationLock speedFull tech treeHidden civsTurbo modeCheats
Victory
Defeat
🇨🇱 Georgians · Chile
1497
+12
🇦🇷 Teutons · Argentina
1486
+12
🇺🇸 Persians · United States
1408
-12
🇺🇸 Malians · United States
1394
-12
Dromophobia
6:21 Loom
9:45 Feudal Age
10:27 Man-at-Arms
11:34 Double-Bit Axe
30:51 Castle Age
29:53 Fletching
31:39 Bodkin Arrow
36:12 Ballistics
37:24 Horse Collar
49:45 Imperial Age
47:55 Wheelbarrow
50:00 Scale Barding Armor
50:06 Forging
50:07 Bloodlines
Andraste
5:22 Loom
8:46 Feudal Age
10:49 Double-Bit Axe
11:59 Horse Collar
15:38 Scale Barding Armor
18:44 Wheelbarrow
23:02 Castle Age
21:49 Bloodlines
23:29 Forging
26:00 Bow Saw
27:43 Chain Barding Armor
27:25 Husbandry
29:49 Heavy Plow
31:40 Iron Casting
38:35 Town Watch
46:21 Hand Cart
45:43 Light Cavalry
47:56 Town Watch
50:06 Fletching
53:08 Imperial Age
Adeon
6:26 Loom
9:12 Feudal Age
9:50 Double-Bit Axe
13:42 Horse Collar
24:30 Castle Age
22:45 Scale Barding Armor
22:53 Forging
22:55 Bloodlines
26:09 Husbandry
26:42 Chain Barding Armor
27:43 Pikeman
28:41 Squires
28:43 Scale Mail Armor
30:36 Bow Saw
33:28 Wheelbarrow
33:25 Chain Mail Armor
36:27 Iron Casting
40:21 Hand Cart
42:05 Stone Mining
42:52 Gold Mining
49:02 Imperial Age
50:27 Plate Barding Armor
50:53 Blast Furnace
51:40 Plate Mail Armor
50:57 Arson
51:00 Cavalier
Axolot
7:11 Loom
24:34 Feudal Age
27:34 Town Watch
31:05 Castle Age
30:19 Horse Collar
30:33 Stone Mining
30:34 Double-Bit Axe
31:33 Fletching
34:44 Bodkin Arrow
37:11 Sanctity
39:30 Fervor
41:52 Redemption
Connection lost

Rejoining the realm…

Still unreachable

The connection could not be restored.

Session expired

The server has moved on; the page needs a fresh start.